 Seeded DCSS version 0.27.1-35-g4d5d836560 (webtiles) character file.

Game seed: 3374519550859669222 (custom seed)

28 Hubjo the Ruffian (level 3, 0/36 HPs)
             Began as a Troll Monk on Apr 13, 2022.
             Slain by a worm (6 damage)
             ... on level 2 of the Dungeon.
             The game lasted 00:02:05 (842 turns).

Hubjo the Ruffian (Troll Monk)                       Turns: 842, Time: 00:02:05

Health: 0/36       AC:  4    Str: 19    XL:     3   Next: 0%
Magic:  2/2        EV: 10    Int:  7    God:
Gold:   31         SH:  0    Dex: 12    Spells: 2/2 levels left

rFire    . . .     SeeInvis .     - Unarmed
rCold    . . .     Faith    .   (no shield)
rNeg     . . .     Spirit   .   a - +0 robe
rPois    .         Reflect  .   (helmet restricted)
rElec    .         Harm     .   (no cloak)
rCorr    .         Rampage  .   (gloves unavailable)
Will     .....                  (boots unavailable)
Stlth    ++........             (no amulet)
HPRegen  1.12/turn              (no ring)
MPRegen  0.08/turn              (no ring)

@: no status effects
A: large, unfitting armour, claws 3, regeneration 1, shaggy fur 1, tough skin 1
a: no special abilities


You were on level 2 of the Dungeon.
You visited 1 branch of the dungeon, and saw 2 of its levels.

You collected 31 gold pieces.

Inventory:

Missiles
 d - a throwing net (quivered)
Armour
 a - a +0 robe (worn)
Jewellery
 h - an amulet of the acrobat
 i - a ring of protection from cold
Scrolls
 b - a scroll of identify
 f - a scroll of fog
 j - a scroll of enchant weapon {unknown}
Potions
 c - 2 potions of curing {unknown}
 e - 2 potions of degeneration {unknown}
 g - a potion of mutation {unknown}


   Skills:
 + Level 2.8 Fighting
 + Level 2.7 Dodging
 + Level 1.0 Stealth
 + Level 3.4 Unarmed Combat


You had 2 spell levels left.
You didn't know any spells.
Your spell library contained the following spells:

 Spells                   Type           Power      Damage    Failure   Level
 Animate Skeleton         Necr           0%         N/A       43%         1
 Apportation              Tloc           0%         N/A       43%         1
 Corona                   Hex            0%         N/A       43%         1
 Summon Small Mammal      Summ           0%         N/A       43%         1


Dungeon Overview and Level Annotations

Branches:
Dungeon (2/15)

Altars:


Innate Abilities, Weirdness & Mutations

You are too large for most types of armour.
You have claws for hands.
Your natural rate of healing is unusually fast.
You are covered in fur. (AC +1)
You have tough skin. (AC +1)


Message History

You feel clever.
You feel stronger.
You see here a +0 club.
A worm comes into view.
Found a stone staircase leading up.
A worm is nearby!
A worm is nearby!
A worm is nearby!
A worm is nearby!
The worm bites you! The worm barely misses you. The worm bites you!
The worm bites you! The worm closely misses you. The worm barely misses you.
The worm misses you. The worm bites you. The worm bites you.
The worm barely misses you. The worm bites you. The worm closely misses you.
The worm bites you! The worm bites you. The worm closely misses you.
The worm bites you but does no damage. The worm barely misses you.
The worm barely misses you. The worm bites you. The worm bites you.
The worm bites you!
* * * LOW HITPOINT WARNING * * *
The worm barely misses you. The worm closely misses you. The worm bites you.
The worm barely misses you. The worm bites you!
* * * LOW HITPOINT WARNING * * *
The worm bites you.
* * * LOW HITPOINT WARNING * * *
The worm bites you.
You die...

+# .# #####.# #
###.....# ...
#....w..#....
#.#..@.......
#.#....##.##. #####
#.#....#
....########.#....##.
.....................#
........####...........
........# ##########..
######### . ..


You could see a worm.

Vanquished Creatures
  3 dart slugs
  2 endoplasms (D:1)
  2 hobgoblins (D:1)
  4 jackals (D:1)
  A quokka (D:1)
  3 bats (D:1)
  A frilled lizard (D:1)
  3 goblins
19 creatures vanquished.

Notes
Turn   | Place    | Note
-------+----------+-------------------------------------------
     0 | D:1      | Hubjo the Troll Monk began the quest for the Orb.
     0 | D:1      | Reached XP level 1. HP: 22/22 MP: 0/0
    57 | D:1      | Reached XP level 2. HP: 29/29 MP: 1/1
   772 | D:2      | Reached XP level 3. HP: 36/36 MP: 2/2
   842 | D:2      | Slain by a worm

Illustrated notes

Levels and vault maps discovered:
D:1:      dpeg_arrival_boxorama, layout_basic, minmay_stone_trees_medium
D:2:      layout_basic, uniq_robin

Action                   || total
-------------------------++-------
Melee: Unarmed           ||    48
  Use: Scroll            ||     2
 Stab: Sleeping          ||     2
Armor: Robe              ||    27
Dodge: Dodged            ||    60
